Sharks vs Lightning
Created - April 23, 2019 at 19:14
Goals
|
| Sharks |
2 |
3 |
1 |
6 |
| Lightning |
3 |
2 |
0 |
5 |
|
Shots
|
| Sharks |
6 |
19 |
9 |
34 |
| Lightning |
10 |
18 |
11 |
39 |
|
1st period
1. Sharks , Drew Doughty 16 (Ben Lovejoy 19) at 0:16
2. Lightning , Henrik Zetterberg 32 (Kris Versteeg 40, Robert Nilsson 60) at 1:18
3. Lightning , Henrik Zetterberg 33 (Robert Nilsson 61) at 6:18
4. Sharks , Maxim Afinogenov 31 (Milan Michalek 34, Jason Spezza 56) at 8:03
5. Lightning , Jan Bulis 15 (Jordan Nolan 32, Justin Schultz 33) at 12:39
Penalties :
Jordan Nolan (TB.) for Roughing (Minor) at 9:36
2nd period
6. Sharks , Drew Doughty 17 (Ben Lovejoy 20, Oskar Osala 27) at 0:36
7. Sharks , T.J. Hensick 16 (Drew Doughty 63) at 0:46
8. Lightning , Pierre-Luc Létourneau 7 (Mikael Backlund 8, Danny Richmond 17) at 13:52
9. Lightning , Justin Schultz 4 (Sheldon Keefe 9, Jordan Nolan 33) at 17:51
10. Sharks , Rob Schremp 9 (Jordan LaVallee 8) at 18:44
Penalties :
Darren Helm (SJS) for Tripping (Minor) at 11:40, Danny Richmond (TB.) for Roughing (Minor) at 15:17
3rd period
11. Sharks , Maxim Afinogenov 32 (Jason Spezza 57, Milan Michalek 35) at 12:27
Penalties :
Kris Versteeg (TB.) for Goalie Interference (Minor) at 0:27, Kurt Sauer (TB.) for High sticking (Minor) at 3:01
Goalie Stats
Brent Krahn (SJS), 34 saves from 39 shots - (0.872), W, 6-7-3, 60:00 minutes
Jaroslav Halak (TB.), 28 saves from 34 shots - (0.824), L, 35-22-5, 59:15 minutes
Players Stats for Sharks
Player Name G A P +/- PIM S H SB GA TA FO MP PP MP PK MP
------------------------------------------------------------------------------------
Adam Larsson 0 0 0 -2 0 0 2 3 2 0 0/0 12:37 0:00 0:00
Andrej Sekera 0 0 0 0 0 1 1 2 0 0 0/0 19:45 3:48 1:00
Andrew MacDonald 0 0 0 -2 0 1 0 0 0 0 0/0 12:37 0:00 0:00
Ben Lovejoy 0 2 2 3 0 1 2 1 0 1 0/0 27:38 4:08 0:59
Bobby Butler 0 0 0 2 0 1 2 0 0 0 0/0 16:17 3:37 0:00
Darren Helm 0 0 0 -2 2 2 1 0 0 0 3/4 11:01 0:00 0:00
Drew Doughty 2 1 3 4 0 5 1 4 0 0 0/0 28:31 4:08 1:00
Jason Spezza 0 2 2 1 0 5 2 0 0 2 16/31 23:17 4:03 0:58
Jiri Tlusty 0 0 0 -1 0 0 0 2 0 0 0/1 14:24 3:37 0:00
Jordan LaVallee 0 1 1 -1 0 4 0 1 0 0 0/0 8:13 0:00 0:28
Maxim Afinogenov 2 0 2 1 0 3 2 0 0 0 0/4 22:43 4:13 0:00
Milan Michalek 0 2 2 1 0 3 3 2 0 1 1/4 23:17 4:03 0:58
Nate Prosser 0 0 0 -1 0 0 0 0 0 1 0/0 18:52 3:48 0:59
Oskar Osala 0 1 1 2 0 2 1 1 0 0 1/3 13:55 0:16 0:33
Rob Schremp 1 0 1 0 0 2 1 0 0 0 2/4 8:23 0:16 0:00
Stefan Ruzicka 0 0 0 -1 0 2 1 0 0 0 0/0 8:51 0:06 0:28
T.J. Hensick 1 0 1 2 0 2 1 0 1 0 5/9 16:50 3:37 0:33
Zach Boychuk 0 0 0 -1 0 0 1 2 0 0 0/1 10:49 0:00 0:00
Players Stats for Lightning
Player Name G A P +/- PIM S H SB GA TA FO MP PP MP PK MP
------------------------------------------------------------------------------------
Andy Rogers 0 0 0 -3 0 1 0 2 1 0 0/0 28:57 1:01 4:56
Daniel Carcillo 0 0 0 -1 0 2 3 1 1 0 0/0 15:09 0:54 0:31
Danny Richmond 0 1 1 0 2 0 0 0 0 0 0/0 20:09 0:58 2:24
Gabriel Landeskog 0 0 0 1 0 2 1 0 0 0 0/0 13:42 0:00 2:40
Henrik Zetterberg 2 0 2 -1 0 5 3 1 0 0 2/3 20:24 1:05 1:46
Jan Bulis 1 0 1 1 0 2 0 0 0 0 0/4 10:40 0:00 0:02
Jeff Schultz 0 0 0 -3 0 1 1 1 0 0 0/0 28:57 1:01 4:56
Jordan Nolan 0 2 2 1 2 7 1 0 0 2 10/16 17:48 0:54 1:32
Justin Schultz 1 1 2 0 0 1 0 4 0 1 0/0 20:35 0:58 3:00
Kris Versteeg 0 1 1 -2 2 7 1 1 2 0 1/2 21:22 1:05 2:56
Kurt Sauer 0 0 0 2 2 0 0 0 0 0 0/0 10:27 0:00 0:00
Matt Tennyson 0 0 0 2 0 1 0 0 0 0 0/0 11:13 0:00 0:36
Mikael Backlund 0 1 1 0 0 1 0 0 0 0 0/3 7:46 0:00 0:00
Pierre-Luc Létourneau 1 0 1 0 0 2 0 0 0 0 0/0 10:42 0:00 2:32
Reilly Smith 0 0 0 0 0 1 0 0 1 0 0/0 7:46 0:00 0:00
Robert Nilsson 0 2 2 -2 0 3 2 2 0 0 19/31 21:56 1:05 3:53
Sheldon Keefe 0 1 1 1 0 1 2 0 0 0 1/1 9:49 0:00 0:00
Steve Bernier 0 0 0 -1 0 2 1 1 0 0 0/1 14:38 0:54 0:00
3 Stars
1 - Drew Doughty (SJS)
2 - Maxim Afinogenov (SJS)
3 - Ben Lovejoy (SJS)
Power Play
Sharks - 0 on 4 Attempt(s) - 0.00%
Lightning - 0 on 1 Attempt(s) - 0.00%
Penalty Kill
Sharks - 1 on 1 Attempt(s) - 100.00%
- Score 0 goal in Penalty Kill
Lightning - 4 on 4 Attempt(s) - 100.00%
- Score 0 goal in Penalty Kill
Team Stat
Sharks - Hits : 21 - Faceoff Wins : 28 - Blocked Shots : 18 - Penalty Minutes : 2
Lightning - Hits : 15 - Faceoff Wins : 33 - Blocked Shots : 13 - Penalty Minutes : 8
Official
Referees : Unknown
Linesman : Unknown
Game Notes
No Game Note
Finance
Level 1 -- Attendance: 3555 (59.25%) -- Ticket Income $408,825
Level 2 -- Attendance: 3849 (76.98%) -- Ticket Income $246,336
Level 3 -- Attendance: 1345 (67.25%) -- Ticket Income $59,180
Level 4 -- Attendance: 2221 (55.53%) -- Ticket Income $88,840
Luxury Box -- Attendance: 653 (65.30%) -- Ticket Income $140,395
Game was played at the Tampa Bay Stadium.
Total Attendance: 11623 (64.57%)
Total Ticket Income: $943,576
Other Income: $141,536
Total Income: $1,085,112
Sharks
5 vs 5 Forward
Center Left Wing Right Wing Time % Phy DF OF
1 Jason Spezza Milan Michalek Maxim Afinogenov 40 1 1 3
2 T.J. Hensick Bobby Butler Oskar Osala 30 1 2 2
3 Darren Helm Zach Boychuk Jiri Tlusty 20 1 2 2
4 Rob Schremp Jordan LaVallee Stefan Ruzicka 10 1 2 2
5 vs 5 Defense
Defense Defense Time % Phy DF OF
1 Drew Doughty Ben Lovejoy 40 1 2 2
2 Andrej Sekera Nate Prosser 30 1 2 2
3 Andrew MacDonald Adam Larsson 20 1 2 2
4 Drew Doughty Ben Lovejoy 10 1 2 2
PowerPlay Forward
Center Left Wing Right Wing Time % Phy DF OF
1 Jason Spezza Milan Michalek Maxim Afinogenov 60 1 1 3
2 T.J. Hensick Bobby Butler Jiri Tlusty 40 1 1 3
PowerPlay Defense
Defense Defense Time % Phy DF OF
1 Drew Doughty Ben Lovejoy 60 1 2 2
2 Andrej Sekera Nate Prosser 40 1 2 2
Penalty Kill 4 Players Forward
Center Wing Time % Phy DF OF
1 Jason Spezza Milan Michalek 60 1 4 0
2 T.J. Hensick Oskar Osala 40 1 4 0
Penalty Kill 4 Players Defense
Defense Defense Time % Phy DF OF
1 Drew Doughty Andrej Sekera 60 1 4 0
2 Ben Lovejoy Nate Prosser 40 1 4 0
Penalty Kill - 3 Players Forward
Forward Time % Phy DF OF
1 Rob Schremp 60 1 4 0
2 Milan Michalek 40 1 4 0
Penalty Kill - 3 Players Defense
Defense Defense Time % Phy DF OF
1 Drew Doughty Andrej Sekera 60 1 4 0
2 Ben Lovejoy Nate Prosser 40 1 4 0
4 vs 4 Forward
Center Wing Time % Phy DF OF
1 Jason Spezza Milan Michalek 60 1 2 2
2 Maxim Afinogenov T.J. Hensick 40 1 2 2
4 vs 4 Defense
Defense Defense Time % Phy DF OF
1 Drew Doughty Andrej Sekera 60 1 2 2
2 Ben Lovejoy Andrew MacDonald 40 1 2 2
Last Minutes Offensive
Center Left Wing Right Wing Defense Defense
Jason Spezza Milan Michalek Maxim Afinogenov Drew Doughty Ben Lovejoy
Last Minutes Defensive
Center Left Wing Right Wing Defense Defense
Jason Spezza Milan Michalek Maxim Afinogenov Drew Doughty Andrej Sekera
Goaltenders
Starting : Brent Krahn
Backup : Ryan Miller
Extra Forwards
Normal : Darren Helm, Rob Schremp, Stefan Ruzicka - PP : Oskar Osala, Rob Schremp - PK : Stefan Ruzicka
Extra Defensemen
Normal : Andrew MacDonald, Adam Larsson, Nate Prosser - PP : Andrew MacDonald - PK : Adam Larsson, Andrew MacDonald
Penalty Shots
Jason Spezza, Rob Schremp, Oskar Osala, Milan Michalek, T.J. Hensick
Scratches
Mark Giordano (Healthy), Maxim Kondratiev (Healthy), Nikolai Kulemin (Healthy), Brendon Nash (Healthy)
Lightning
5 vs 5 Forward
Center Left Wing Right Wing Time % Phy DF OF
1 Robert Nilsson Henrik Zetterberg Kris Versteeg 40 1 2 2
2 Jordan Nolan Daniel Carcillo Steve Bernier 30 1 2 2
3 Jan Bulis Gabriel Landeskog Sheldon Keefe 20 1 2 2
4 Mikael Backlund Pierre-Luc Létourneau Reilly Smith 10 1 2 2
5 vs 5 Defense
Defense Defense Time % Phy DF OF
1 Jeff Schultz Andy Rogers 40 1 2 2
2 Justin Schultz Danny Richmond 30 1 2 2
3 Kurt Sauer Matt Tennyson 20 1 2 2
4 Jeff Schultz Andy Rogers 10 1 2 2
PowerPlay Forward
Center Left Wing Right Wing Time % Phy DF OF
1 Robert Nilsson Henrik Zetterberg Kris Versteeg 60 1 2 2
2 Jordan Nolan Daniel Carcillo Steve Bernier 40 1 2 2
PowerPlay Defense
Defense Defense Time % Phy DF OF
1 Jeff Schultz Andy Rogers 60 1 2 2
2 Justin Schultz Danny Richmond 40 1 2 2
Penalty Kill 4 Players Forward
Center Wing Time % Phy DF OF
1 Robert Nilsson Kris Versteeg 60 1 2 2
2 Henrik Zetterberg Jordan Nolan 40 1 2 2
Penalty Kill 4 Players Defense
Defense Defense Time % Phy DF OF
1 Jeff Schultz Andy Rogers 60 1 2 2
2 Justin Schultz Danny Richmond 40 1 2 2
Penalty Kill - 3 Players Forward
Forward Time % Phy DF OF
1 Robert Nilsson 60 1 2 2
2 Kris Versteeg 40 1 2 2
Penalty Kill - 3 Players Defense
Defense Defense Time % Phy DF OF
1 Jeff Schultz Andy Rogers 60 1 2 2
2 Justin Schultz Danny Richmond 40 1 2 2
4 vs 4 Forward
Center Wing Time % Phy DF OF
1 Robert Nilsson Kris Versteeg 60 1 2 2
2 Henrik Zetterberg Jordan Nolan 40 1 2 2
4 vs 4 Defense
Defense Defense Time % Phy DF OF
1 Jeff Schultz Andy Rogers 60 1 2 2
2 Justin Schultz Danny Richmond 40 1 2 2
Last Minutes Offensive
Center Left Wing Right Wing Defense Defense
Robert Nilsson Henrik Zetterberg Kris Versteeg Jeff Schultz Andy Rogers
Last Minutes Defensive
Center Left Wing Right Wing Defense Defense
Robert Nilsson Henrik Zetterberg Kris Versteeg Jeff Schultz Andy Rogers
Goaltenders
Starting : Jaroslav Halak
Backup : Adam Munro
Extra Forwards
Normal : Gabriel Landeskog, Sheldon Keefe, Pierre-Luc Létourneau - PP : Gabriel Landeskog, Sheldon Keefe - PK : Pierre-Luc Létourneau
Extra Defensemen
Normal : Kurt Sauer, Matt Tennyson, Justin Schultz - PP : Kurt Sauer - PK : Matt Tennyson, Justin Schultz
Penalty Shots
Robert Nilsson, Kris Versteeg, Henrik Zetterberg, Jordan Nolan, Daniel Carcillo
Scratches
John Carlson (Healthy)
% Time on Ice - Sharks
Lines # - Real PCT - Wanted PCT - Time Play
Normal Forward
1 - 36% - 40% - 17:49
2 - 26% - 30% - 12:40
3 - 22% - 20% - 10:49
4 - 15% - 10% - 7:32
Normal Defense
1 - 40% - 40% - 19:44
2 - 29% - 30% - 14:05
3 - 26% - 20% - 12:37
4 - 5% - 10% - 2:24
PP Forward
1 - 54% - 60% - 4:19
2 - 46% - 40% - 3:37
PP Defense
1 - 52% - 60% - 4:08
2 - 48% - 40% - 3:48
PK Forward
1 - 72% - 60% - 1:26
2 - 28% - 40% - 0:33
PK Defense
1 - 50% - 60% - 1:00
2 - 50% - 40% - 0:59
PK3 Forward
1 - 0% - 60%
2 - 0% - 40%
PK3 Defense
1 - 0% - 60%
2 - 0% - 40%
44 Forward
1 - 0% - 60%
2 - 0% - 40%
44 Defense
1 - 0% - 60%
2 - 0% - 40%
Last Minute Offensive - 0:00
Last Minute Defensive - 1:15
Total
Forward - 60:00
Defense - 60:00
|
% Time on Ice - Lightning
Lines # - Real PCT - Wanted PCT - Time Play
Normal Forward
1 - 36% - 40% - 17:28
2 - 29% - 30% - 14:19
3 - 19% - 20% - 9:34
4 - 16% - 10% - 7:46
Normal Defense
1 - 40% - 40% - 19:36
2 - 34% - 30% - 16:37
3 - 21% - 20% - 10:28
4 - 5% - 10% - 2:26
PP Forward
1 - 55% - 60% - 1:05
2 - 45% - 40% - 0:54
PP Defense
1 - 51% - 60% - 1:01
2 - 49% - 40% - 0:58
PK Forward
1 - 78% - 60% - 6:10
2 - 22% - 40% - 1:46
PK Defense
1 - 62% - 60% - 4:56
2 - 38% - 40% - 3:00
PK3 Forward
1 - 0% - 60%
2 - 0% - 40%
PK3 Defense
1 - 0% - 60%
2 - 0% - 40%
44 Forward
1 - 0% - 60%
2 - 0% - 40%
44 Defense
1 - 0% - 60%
2 - 0% - 40%
Last Minute Offensive - 0:58
Last Minute Defensive - 0:00
Total
Forward - 60:00
Defense - 60:00
|
Play-by-Play
1st period
0:01 of 1st period - Henrik Zetterberg wins face-off versus Jason Spezza in neutral zone.
0:06 of 1st period - Snap shot by Henrik Zetterberg.
0:06 of 1st period - Deflect By Robert Nilsson.
0:06 of 1st period - Stopped by Brent Krahn with a rebound.
0:08 of 1st period - Wrist shot by Robert Nilsson.
0:08 of 1st period - Shot Misses the Net.
0:16 of 1st period - Slapshot by Drew Doughty.
0:16 of 1st period - Goal by Drew Doughty - Sharks : 1 - Lightning : 0.
0:17 of 1st period - Jordan Nolan wins face-off versus T.J. Hensick in neutral zone.
1:06 of 1st period - Backhand shot by Pierre-Luc Létourneau.
1:06 of 1st period - Stopped by Brent Krahn without a rebound.
1:07 of 1st period - Robert Nilsson wins face-off versus Jason Spezza in Sharks zone.
1:18 of 1st period - Snap shot by Henrik Zetterberg.
1:18 of 1st period - Goal by Henrik Zetterberg - Sharks : 1 - Lightning : 1.
1:19 of 1st period - Jordan Nolan wins face-off versus Rob Schremp in neutral zone.
1:31 of 1st period - Slapshot by Jordan LaVallee.
1:31 of 1st period - Shot Blocked by Jeff Schultz.
2:11 of 1st period - Slapshot by Mikael Backlund.
2:11 of 1st period - Shot Blocked by Oskar Osala.
2:47 of 1st period - Slapshot by Danny Richmond.
2:47 of 1st period - Shot Blocked by Jiri Tlusty.
3:09 of 1st period - Snap shot by Henrik Zetterberg.
3:09 of 1st period - Shot Blocked by Adam Larsson.
3:11 of 1st period - Snap shot by Henrik Zetterberg.
3:11 of 1st period - Shot Misses the Net.
3:13 of 1st period - Snap shot by Kris Versteeg.
3:13 of 1st period - Deflect By Robert Nilsson.
3:13 of 1st period - Shot Hit the Post.
3:13 of 1st period - Puck is out of play.
3:14 of 1st period - Rob Schremp wins face-off versus Robert Nilsson in Sharks zone.
3:27 of 1st period - Andrej Sekera is hit by Jeff Schultz and loses puck.
4:05 of 1st period - Slapshot by T.J. Hensick.
4:05 of 1st period - Stopped by Jaroslav Halak without a rebound.
4:06 of 1st period - Darren Helm wins face-off versus Jan Bulis in Lightning zone.
4:37 of 1st period - Off-side.
4:38 of 1st period - Robert Nilsson wins face-off versus Jason Spezza in neutral zone.
4:49 of 1st period - Wrist shot by Milan Michalek.
4:49 of 1st period - Stopped by Jaroslav Halak without a rebound.
4:50 of 1st period - Jason Spezza wins face-off versus Kris Versteeg in Lightning zone.
4:51 of 1st period - Snap shot by Drew Doughty.
4:51 of 1st period - Shot Blocked by Robert Nilsson.
5:01 of 1st period - Snap shot by Robert Nilsson.
5:01 of 1st period - Stopped by Brent Krahn with a rebound.
5:03 of 1st period - Snap shot by Robert Nilsson.
5:03 of 1st period - Shot Misses the Net.
5:05 of 1st period - Snap shot by Robert Nilsson.
5:05 of 1st period - Shot Blocked by Ben Lovejoy.
5:17 of 1st period - Oskar Osala is hit by Jordan Nolan and loses puck.
6:11 of 1st period - Icing by Kris Versteeg.
6:12 of 1st period - Robert Nilsson wins face-off versus Jason Spezza in Lightning zone.
6:12 of 1st period - Robert Nilsson is hit by Milan Michalek.
6:18 of 1st period - Snap shot by Henrik Zetterberg.
6:18 of 1st period - Goal by Henrik Zetterberg - Sharks : 1 - Lightning : 2.
6:19 of 1st period - Robert Nilsson wins face-off versus Maxim Afinogenov in neutral zone.
6:44 of 1st period - Jason Spezza is hit by Henrik Zetterberg and loses puck.
8:01 of 1st period - Slapshot by Jason Spezza.
8:01 of 1st period - Stopped by Jaroslav Halak with a rebound.
8:03 of 1st period - Wrist shot by Milan Michalek.
8:03 of 1st period - Deflect By Maxim Afinogenov.
8:03 of 1st period - Goal by Maxim Afinogenov - Sharks : 2 - Lightning : 2.
8:04 of 1st period - Jordan Nolan wins face-off versus T.J. Hensick in neutral zone.
8:17 of 1st period - Snap shot by Steve Bernier.
8:17 of 1st period - Shot Blocked by Andrej Sekera.
8:19 of 1st period - Slapshot by Justin Schultz.
8:19 of 1st period - Shot Misses the Net.
8:35 of 1st period - Snap shot by Pierre-Luc Létourneau.
8:35 of 1st period - Deflect By Mikael Backlund.
8:35 of 1st period - Stopped by Brent Krahn with a rebound.
8:37 of 1st period - Slapshot by Matt Tennyson.
8:37 of 1st period - Stopped by Brent Krahn without a rebound.
8:38 of 1st period - Darren Helm wins face-off versus Jordan Nolan in Sharks zone.
8:38 of 1st period - Darren Helm is hit by Daniel Carcillo.
8:52 of 1st period - Snap shot by Darren Helm.
8:52 of 1st period - Deflect By Daniel Carcillo.
8:52 of 1st period - Stopped by Jaroslav Halak without a rebound.
8:53 of 1st period - Sheldon Keefe wins face-off versus T.J. Hensick in Lightning zone.
8:57 of 1st period - Off-side.
8:58 of 1st period - T.J. Hensick wins face-off versus Jan Bulis in neutral zone.
9:14 of 1st period - Slapshot by T.J. Hensick.
9:14 of 1st period - Deflect By Oskar Osala.
9:14 of 1st period - Shot Blocked by Justin Schultz.
9:14 of 1st period - Puck is out of play.
9:15 of 1st period - Jordan Nolan wins face-off versus Jiri Tlusty in Lightning zone.
9:36 of 1st period - Minor Penalty to Jordan Nolan for Roughing.
9:37 of 1st period - Robert Nilsson wins face-off versus Milan Michalek in Lightning zone.
9:37 of 1st period - Robert Nilsson is hit by Jason Spezza.
10:50 of 1st period - Slapshot by Justin Schultz.
10:50 of 1st period - Shot Misses the Net.
11:36 of 1st period - Penalty to Jordan Nolan is over, Jordan Nolan is back on ice.
11:57 of 1st period - Snap shot by Jordan Nolan.
11:57 of 1st period - Shot Misses the Net.
12:15 of 1st period - Slapshot by Jordan Nolan.
12:15 of 1st period - Stopped by Brent Krahn with a rebound.
12:31 of 1st period - Snap shot by Jordan Nolan.
12:31 of 1st period - Shot Misses the Net.
12:39 of 1st period - Snap shot by Jan Bulis.
12:39 of 1st period - Goal by Jan Bulis - Sharks : 2 - Lightning : 3.
12:40 of 1st period - Jason Spezza wins face-off versus Mikael Backlund in neutral zone.
12:49 of 1st period - Off-side.
12:50 of 1st period - Jason Spezza wins face-off versus Mikael Backlund in neutral zone.
12:53 of 1st period - Wrist shot by Drew Doughty.
12:53 of 1st period - Shot Blocked by Andy Rogers.
13:23 of 1st period - Wrist shot by Pierre-Luc Létourneau.
13:23 of 1st period - Shot Blocked by Drew Doughty.
13:25 of 1st period - Backhand shot by Mikael Backlund.
13:25 of 1st period - Shot Blocked by Milan Michalek.
13:27 of 1st period - Slapshot by Jeff Schultz.
13:27 of 1st period - Shot Blocked by Milan Michalek.
13:37 of 1st period - Slapshot by Jason Spezza.
13:37 of 1st period - Shot Misses the Net.
14:01 of 1st period - Snap shot by Mikael Backlund.
14:01 of 1st period - Shot Misses the Net.
14:44 of 1st period - Off-side.
14:45 of 1st period - T.J. Hensick wins face-off versus Steve Bernier in neutral zone.
15:12 of 1st period - Kurt Sauer is hit by Darren Helm and loses puck.
18:01 of 1st period - Kris Versteeg is hit by Bobby Butler and loses puck.
19:07 of 1st period - Jan Bulis is hit by Adam Larsson and loses puck.
19:42 of 1st period - Snap shot by Jordan Nolan.
19:42 of 1st period - Stopped by Brent Krahn with a rebound.
Goals for this period are 2 for Sharks vs 3 for Lightning .
Shots for this period are 6 for Sharks vs 10 for Lightning .
2nd period
0:01 of 2nd period - Jordan Nolan wins face-off versus Jason Spezza in neutral zone.
0:08 of 2nd period - Wrist shot by Jordan Nolan.
0:08 of 2nd period - Shot Misses the Net.
0:26 of 2nd period - Wrist shot by Robert Nilsson.
0:26 of 2nd period - Stopped by Brent Krahn with a rebound.
0:32 of 2nd period - Snap shot by Drew Doughty.
0:32 of 2nd period - Shot Blocked by Justin Schultz.
0:34 of 2nd period - Wrist shot by Ben Lovejoy.
0:34 of 2nd period - Shot Misses the Net.
0:36 of 2nd period - Backhand shot by Drew Doughty.
0:36 of 2nd period - Goal by Drew Doughty - Sharks : 3 - Lightning : 3.
0:37 of 2nd period - T.J. Hensick wins face-off versus Jordan Nolan in neutral zone.
0:46 of 2nd period - Snap shot by T.J. Hensick.
0:46 of 2nd period - Goal by T.J. Hensick - Sharks : 4 - Lightning : 3.
0:47 of 2nd period - Jason Spezza wins face-off versus Robert Nilsson in neutral zone.
0:50 of 2nd period - Andy Rogers is hit by Ben Lovejoy and loses puck.
1:05 of 2nd period - Kris Versteeg is hit by Jason Spezza and loses puck.
1:26 of 2nd period - Wrist shot by Bobby Butler.
1:26 of 2nd period - Shot Misses the Net.
1:38 of 2nd period - Danny Richmond is hit by Andrej Sekera and loses puck.
2:04 of 2nd period - Off-side.
2:05 of 2nd period - Robert Nilsson wins face-off versus Rob Schremp in neutral zone.
2:32 of 2nd period - Maxim Afinogenov is hit by Daniel Carcillo.
2:38 of 2nd period - Steve Bernier is hit by Milan Michalek and loses puck.
3:16 of 2nd period - Snap shot by Rob Schremp.
3:16 of 2nd period - Shot Blocked by Kris Versteeg.
3:22 of 2nd period - Snap shot by Stefan Ruzicka.
3:22 of 2nd period - Shot Misses the Net.
3:24 of 2nd period - Slapshot by Andrew MacDonald.
3:24 of 2nd period - Deflect By Henrik Zetterberg.
3:24 of 2nd period - Stopped by Jaroslav Halak with a rebound.
3:26 of 2nd period - Slapshot by Andrew MacDonald.
3:26 of 2nd period - Shot Blocked by Andy Rogers.
3:38 of 2nd period - Slapshot by Mikael Backlund.
3:38 of 2nd period - Shot Misses the Net.
3:40 of 2nd period - Snap shot by Pierre-Luc Létourneau.
3:40 of 2nd period - Shot Misses the Net.
4:35 of 2nd period - Snap shot by Henrik Zetterberg.
4:35 of 2nd period - Shot Blocked by Jordan LaVallee.
4:37 of 2nd period - Wrist shot by Kris Versteeg.
4:37 of 2nd period - Shot Misses the Net.
4:39 of 2nd period - Snap shot by Henrik Zetterberg.
4:39 of 2nd period - Stopped by Brent Krahn with a rebound.
4:41 of 2nd period - Slapshot by Andy Rogers.
4:41 of 2nd period - Stopped by Brent Krahn without a rebound.
4:42 of 2nd period - Robert Nilsson wins face-off versus Jason Spezza in Sharks zone.
4:51 of 2nd period - Wrist shot by Kris Versteeg.
4:51 of 2nd period - Stopped by Brent Krahn with a rebound.
4:53 of 2nd period - Snap shot by Henrik Zetterberg.
4:53 of 2nd period - Shot Blocked by Drew Doughty.
5:33 of 2nd period - Jiri Tlusty is hit by Sheldon Keefe and loses puck.
5:54 of 2nd period - Danny Richmond is hit by Stefan Ruzicka and loses puck.
6:19 of 2nd period - Wrist shot by Milan Michalek.
6:19 of 2nd period - Stopped by Jaroslav Halak with a rebound.
6:21 of 2nd period - Wrist shot by Maxim Afinogenov.
6:21 of 2nd period - Stopped by Jaroslav Halak without a rebound.
6:22 of 2nd period - Jordan Nolan wins face-off versus Jason Spezza in Lightning zone.
6:22 of 2nd period - Jordan Nolan is hit by Maxim Afinogenov.
6:38 of 2nd period - Snap shot by Jason Spezza.
6:38 of 2nd period - Deflect By Milan Michalek.
6:38 of 2nd period - Stopped by Jaroslav Halak with a rebound.
7:07 of 2nd period - Icing by Danny Richmond.
7:08 of 2nd period - Robert Nilsson wins face-off versus T.J. Hensick in Lightning zone.
7:15 of 2nd period - Drew Doughty is hit by Henrik Zetterberg and loses puck.
7:19 of 2nd period - Icing by Drew Doughty.
7:20 of 2nd period - Oskar Osala wins face-off versus Robert Nilsson in Sharks zone.
7:37 of 2nd period - Wrist shot by Kris Versteeg.
7:37 of 2nd period - Stopped by Brent Krahn without a rebound.
7:38 of 2nd period - Jason Spezza wins face-off versus Jordan Nolan in Sharks zone.
7:43 of 2nd period - Wrist shot by Jason Spezza.
7:43 of 2nd period - Shot Misses the Net.
7:45 of 2nd period - Snap shot by Maxim Afinogenov.
7:45 of 2nd period - Shot Misses the Net.
7:47 of 2nd period - Slapshot by Andrej Sekera.
7:47 of 2nd period - Stopped by Jaroslav Halak without a rebound.
7:48 of 2nd period - Milan Michalek wins face-off versus Jordan Nolan in Lightning zone.
7:49 of 2nd period - Wrist shot by Jason Spezza.
7:49 of 2nd period - Stopped by Jaroslav Halak without a rebound.
7:50 of 2nd period - Jason Spezza wins face-off versus Robert Nilsson in Lightning zone.
7:51 of 2nd period - Backhand shot by Drew Doughty.
7:51 of 2nd period - Stopped by Jaroslav Halak with a rebound.
8:44 of 2nd period - Snap shot by Gabriel Landeskog.
8:44 of 2nd period - Stopped by Brent Krahn without a rebound.
8:45 of 2nd period - Robert Nilsson wins face-off versus Milan Michalek in Sharks zone.
8:50 of 2nd period - Snap shot by Henrik Zetterberg.
8:50 of 2nd period - Stopped by Brent Krahn without a rebound.
8:51 of 2nd period - Robert Nilsson wins face-off versus Jason Spezza in Sharks zone.
9:20 of 2nd period - Slapshot by Ben Lovejoy.
9:20 of 2nd period - Deflect By Oskar Osala.
9:20 of 2nd period - Stopped by Jaroslav Halak without a rebound.
9:21 of 2nd period - T.J. Hensick wins face-off versus Jordan Nolan in Lightning zone.
9:24 of 2nd period - Wrist shot by Oskar Osala.
9:24 of 2nd period - Stopped by Jaroslav Halak with a rebound.
9:52 of 2nd period - Snap shot by Jordan Nolan.
9:52 of 2nd period - Shot Blocked by Zach Boychuk.
9:54 of 2nd period - Wrist shot by Jordan Nolan.
9:54 of 2nd period - Stopped by Brent Krahn with a rebound.
10:02 of 2nd period - Slapshot by Jordan Nolan.
10:02 of 2nd period - Shot Misses the Net.
10:04 of 2nd period - Slapshot by Andy Rogers.
10:04 of 2nd period - Shot Misses the Net.
10:08 of 2nd period - Snap shot by Daniel Carcillo.
10:08 of 2nd period - Stopped by Brent Krahn with a rebound.
10:10 of 2nd period - Wrist shot by Daniel Carcillo.
10:10 of 2nd period - Shot Hit the Post.
10:16 of 2nd period - Snap shot by Jordan Nolan.
10:16 of 2nd period - Stopped by Brent Krahn with a rebound.
10:18 of 2nd period - Snap shot by Steve Bernier.
10:18 of 2nd period - Stopped by Brent Krahn with a rebound.
10:20 of 2nd period - Slapshot by Jeff Schultz.
10:20 of 2nd period - Stopped by Brent Krahn with a rebound.
10:22 of 2nd period - Slapshot by Jordan Nolan.
10:22 of 2nd period - Stopped by Brent Krahn with a rebound.
10:24 of 2nd period - Snap shot by Jordan Nolan.
10:24 of 2nd period - Shot Blocked by Jiri Tlusty.
10:26 of 2nd period - Wrist shot by Daniel Carcillo.
10:26 of 2nd period - Stopped by Brent Krahn with a rebound.
10:40 of 2nd period - Snap shot by Darren Helm.
10:40 of 2nd period - Stopped by Jaroslav Halak without a rebound.
10:41 of 2nd period - Robert Nilsson wins face-off versus Jason Spezza in Lightning zone.
10:52 of 2nd period - Slapshot by Drew Doughty.
10:52 of 2nd period - Deflect By Robert Nilsson.
10:52 of 2nd period - Stopped by Jaroslav Halak without a rebound.
10:53 of 2nd period - Robert Nilsson wins face-off versus Jason Spezza in Lightning zone.
11:04 of 2nd period - Backhand shot by Jason Spezza.
11:04 of 2nd period - Stopped by Jaroslav Halak without a rebound.
11:05 of 2nd period - Robert Nilsson wins face-off versus Jason Spezza in Lightning zone.
11:32 of 2nd period - Justin Schultz is hit by Zach Boychuk and loses puck.
11:40 of 2nd period - Minor Penalty to Darren Helm for Tripping.
11:41 of 2nd period - Kris Versteeg wins face-off versus Jason Spezza in Sharks zone.
12:15 of 2nd period - Snap shot by Daniel Carcillo.
12:15 of 2nd period - Shot Misses the Net.
12:49 of 2nd period - Ben Lovejoy is hit by Steve Bernier and loses puck.
13:11 of 2nd period - Steve Bernier is hit by Drew Doughty and loses puck.
13:40 of 2nd period - Penalty to Darren Helm is over, Darren Helm is back on ice.
13:52 of 2nd period - Wrist shot by Pierre-Luc Létourneau.
13:52 of 2nd period - Goal by Pierre-Luc Létourneau - Sharks : 4 - Lightning : 4.
13:53 of 2nd period - Jason Spezza wins face-off versus Jan Bulis in neutral zone.
13:56 of 2nd period - Sheldon Keefe is hit by Adam Larsson.
14:23 of 2nd period - Wrist shot by Henrik Zetterberg.
14:23 of 2nd period - Shot Misses the Net.
15:17 of 2nd period - Minor Penalty to Danny Richmond for Roughing.
15:18 of 2nd period - Jason Spezza wins face-off versus Robert Nilsson in Lightning zone.
15:20 of 2nd period - Backhand shot by Jason Spezza.
15:20 of 2nd period - Stopped by Jaroslav Halak with a rebound.
15:22 of 2nd period - Slapshot by Ben Lovejoy.
15:22 of 2nd period - Stopped by Jaroslav Halak with a rebound.
17:17 of 2nd period - Penalty to Danny Richmond is over, Danny Richmond is back on ice.
17:45 of 2nd period - Backhand shot by Jordan Nolan.
17:45 of 2nd period - Shot Misses the Net.
17:47 of 2nd period - Wrist shot by Sheldon Keefe.
17:47 of 2nd period - Stopped by Brent Krahn with a rebound.
17:49 of 2nd period - Snap shot by Sheldon Keefe.
17:49 of 2nd period - Shot Misses the Net.
17:51 of 2nd period - Snap shot by Justin Schultz.
17:51 of 2nd period - Deflect By Jiri Tlusty.
17:51 of 2nd period - Goal by Justin Schultz - Sharks : 4 - Lightning : 5.
17:52 of 2nd period - Jason Spezza wins face-off versus Jan Bulis in neutral zone.
18:17 of 2nd period - Robert Nilsson is hit by Oskar Osala and loses puck.
18:40 of 2nd period - Snap shot by Jordan LaVallee.
18:40 of 2nd period - Stopped by Jaroslav Halak with a rebound.
18:42 of 2nd period - Snap shot by Jordan LaVallee.
18:42 of 2nd period - Stopped by Jaroslav Halak with a rebound.
18:44 of 2nd period - Wrist shot by Rob Schremp.
18:44 of 2nd period - Goal by Rob Schremp - Sharks : 5 - Lightning : 5.
18:45 of 2nd period - Robert Nilsson wins face-off versus Maxim Afinogenov in neutral zone.
19:20 of 2nd period - Wrist shot by Zach Boychuk.
19:20 of 2nd period - Shot Misses the Net.
19:22 of 2nd period - Slapshot by Drew Doughty.
19:22 of 2nd period - Shot Misses the Net.
19:34 of 2nd period - T.J. Hensick is hit by Daniel Carcillo and loses puck.
19:45 of 2nd period - Snap shot by Jordan Nolan.
19:45 of 2nd period - Stopped by Brent Krahn with a rebound.
Goals for this period are 3 for Sharks vs 2 for Lightning .
Shots for this period are 19 for Sharks vs 18 for Lightning .
3rd period
0:01 of 3rd period - Robert Nilsson wins face-off versus Jason Spezza in neutral zone.
0:04 of 3rd period - Snap shot by Jeff Schultz.
0:04 of 3rd period - Deflect By Robert Nilsson.
0:04 of 3rd period - Shot Misses the Net.
0:04 of 3rd period - Puck is out of play.
0:05 of 3rd period - Jason Spezza wins face-off versus Robert Nilsson in Sharks zone.
0:05 of 3rd period - Jason Spezza is hit by Henrik Zetterberg.
0:27 of 3rd period - Minor Penalty to Kris Versteeg for Goalie Interference.
0:28 of 3rd period - Jason Spezza wins face-off versus Robert Nilsson in Lightning zone.
2:25 of 3rd period - Gabriel Landeskog is hit by Rob Schremp and loses puck.
2:27 of 3rd period - Penalty to Kris Versteeg is over, Kris Versteeg is back on ice.
2:41 of 3rd period - Ben Lovejoy is hit by Gabriel Landeskog and loses puck.
2:50 of 3rd period - Snap shot by Kris Versteeg.
2:50 of 3rd period - Stopped by Brent Krahn without a rebound.
2:51 of 3rd period - Jordan Nolan wins face-off versus Darren Helm in Sharks zone.
3:01 of 3rd period - Minor Penalty to Kurt Sauer for High sticking.
3:02 of 3rd period - Robert Nilsson wins face-off versus Jason Spezza in Lightning zone.
3:48 of 3rd period - Andy Rogers is hit by Maxim Afinogenov and loses puck.
4:17 of 3rd period - Milan Michalek is hit by Robert Nilsson and loses puck.
5:01 of 3rd period - Penalty to Kurt Sauer is over, Kurt Sauer is back on ice.
6:09 of 3rd period - Slapshot by Jordan Nolan.
6:09 of 3rd period - Deflect By Daniel Carcillo.
6:09 of 3rd period - Shot Blocked by Adam Larsson.
6:09 of 3rd period - Puck is out of play.
6:10 of 3rd period - Jordan Nolan wins face-off versus Zach Boychuk in Sharks zone.
7:01 of 3rd period - Milan Michalek is hit by Sheldon Keefe and loses puck.
7:18 of 3rd period - Slapshot by Andrew MacDonald.
7:18 of 3rd period - Deflect By Jordan LaVallee.
7:18 of 3rd period - Stopped by Jaroslav Halak with a rebound.
7:20 of 3rd period - Slapshot by Andrew MacDonald.
7:20 of 3rd period - Shot Blocked by Justin Schultz.
7:22 of 3rd period - Snap shot by Stefan Ruzicka.
7:22 of 3rd period - Stopped by Jaroslav Halak with a rebound.
7:34 of 3rd period - Slapshot by Drew Doughty.
7:34 of 3rd period - Shot Blocked by Justin Schultz.
7:57 of 3rd period - Steve Bernier is hit by T.J. Hensick.
8:31 of 3rd period - Snap shot by Jan Bulis.
8:31 of 3rd period - Shot Misses the Net.
9:01 of 3rd period - Andrew MacDonald is hit by Robert Nilsson and loses puck.
9:31 of 3rd period - Wrist shot by Jan Bulis.
9:31 of 3rd period - Shot Misses the Net.
9:33 of 3rd period - Snap shot by Jan Bulis.
9:33 of 3rd period - Stopped by Brent Krahn without a rebound.
9:34 of 3rd period - Jason Spezza wins face-off versus Henrik Zetterberg in Sharks zone.
9:39 of 3rd period - Henrik Zetterberg is hit by Milan Michalek and loses puck.
9:46 of 3rd period - Slapshot by Jason Spezza.
9:46 of 3rd period - Shot Blocked by Robert Nilsson.
9:50 of 3rd period - Slapshot by Drew Doughty.
9:50 of 3rd period - Stopped by Jaroslav Halak without a rebound.
9:51 of 3rd period - Jordan Nolan wins face-off versus Oskar Osala in Lightning zone.
9:51 of 3rd period - Jordan Nolan is hit by Bobby Butler.
10:39 of 3rd period - Wrist shot by Zach Boychuk.
10:39 of 3rd period - Shot Misses the Net.
10:41 of 3rd period - Slapshot by Jiri Tlusty.
10:41 of 3rd period - Shot Misses the Net.
10:59 of 3rd period - Snap shot by Rob Schremp.
10:59 of 3rd period - Shot Misses the Net.
11:23 of 3rd period - Wrist shot by Jordan Nolan.
11:23 of 3rd period - Stopped by Brent Krahn with a rebound.
11:25 of 3rd period - Slapshot by Steve Bernier.
11:25 of 3rd period - Stopped by Brent Krahn with a rebound.
11:27 of 3rd period - Slapshot by Justin Schultz.
11:27 of 3rd period - Shot Blocked by Adam Larsson.
11:44 of 3rd period - Snap shot by Maxim Afinogenov.
11:44 of 3rd period - Shot Misses the Net.
11:46 of 3rd period - Snap shot by Jason Spezza.
11:46 of 3rd period - Stopped by Jaroslav Halak without a rebound.
11:47 of 3rd period - Robert Nilsson wins face-off versus Maxim Afinogenov in Lightning zone.
12:06 of 3rd period - Slapshot by Henrik Zetterberg.
12:06 of 3rd period - Shot Blocked by Drew Doughty.
12:14 of 3rd period - Robert Nilsson is hit by Ben Lovejoy and loses puck.
12:25 of 3rd period - Slapshot by Jason Spezza.
12:25 of 3rd period - Shot Misses the Net.
12:27 of 3rd period - Snap shot by Maxim Afinogenov.
12:27 of 3rd period - Goal by Maxim Afinogenov - Sharks : 6 - Lightning : 5.
12:28 of 3rd period - Jordan Nolan wins face-off versus Oskar Osala in neutral zone.
12:37 of 3rd period - Backhand shot by T.J. Hensick.
12:37 of 3rd period - Shot Blocked by Steve Bernier.
12:39 of 3rd period - Snap shot by Oskar Osala.
12:39 of 3rd period - Shot Blocked by Daniel Carcillo.
12:41 of 3rd period - Slapshot by Bobby Butler.
12:41 of 3rd period - Stopped by Jaroslav Halak without a rebound.
12:42 of 3rd period - Robert Nilsson wins face-off versus Milan Michalek in Lightning zone.
12:46 of 3rd period - Off-side.
12:47 of 3rd period - Jason Spezza wins face-off versus Robert Nilsson in neutral zone.
12:51 of 3rd period - Off-side.
12:52 of 3rd period - Henrik Zetterberg wins face-off versus Jason Spezza in neutral zone.
13:22 of 3rd period - Snap shot by Henrik Zetterberg.
13:22 of 3rd period - Stopped by Brent Krahn with a rebound.
13:30 of 3rd period - Slapshot by Drew Doughty.
13:30 of 3rd period - Shot Blocked by Henrik Zetterberg.
13:34 of 3rd period - Snap shot by Drew Doughty.
13:34 of 3rd period - Deflect By Milan Michalek.
13:34 of 3rd period - Shot Misses the Net.
13:34 of 3rd period - Puck is out of play.
13:35 of 3rd period - T.J. Hensick wins face-off versus Jordan Nolan in Lightning zone.
13:48 of 3rd period - Wrist shot by Jordan Nolan.
13:48 of 3rd period - Shot Misses the Net.
14:21 of 3rd period - Wrist shot by Gabriel Landeskog.
14:21 of 3rd period - Stopped by Brent Krahn without a rebound.
14:22 of 3rd period - Rob Schremp wins face-off versus Mikael Backlund in Sharks zone.
14:37 of 3rd period - Snap shot by Reilly Smith.
14:37 of 3rd period - Stopped by Brent Krahn without a rebound.
14:38 of 3rd period - Jason Spezza wins face-off versus Robert Nilsson in Sharks zone.
16:13 of 3rd period - Wrist shot by Jordan LaVallee.
16:13 of 3rd period - Stopped by Jaroslav Halak with a rebound.
16:15 of 3rd period - Slapshot by Andrej Sekera.
16:15 of 3rd period - Deflect By Rob Schremp.
16:15 of 3rd period - Deflect By Henrik Zetterberg.
16:15 of 3rd period - Stopped by Jaroslav Halak with a rebound.
16:17 of 3rd period - Snap shot by Stefan Ruzicka.
16:17 of 3rd period - Stopped by Jaroslav Halak without a rebound.
16:18 of 3rd period - Darren Helm wins face-off versus Robert Nilsson in Lightning zone.
16:25 of 3rd period - Wrist shot by Kris Versteeg.
16:25 of 3rd period - Stopped by Brent Krahn with a rebound.
16:27 of 3rd period - Wrist shot by Robert Nilsson.
16:27 of 3rd period - Shot Misses the Net.
16:29 of 3rd period - Slapshot by Kris Versteeg.
16:29 of 3rd period - Shot Blocked by Zach Boychuk.
17:23 of 3rd period - Snap shot by Daniel Carcillo.
17:23 of 3rd period - Shot Misses the Net.
19:01 of 3rd period - Snap shot by Jason Spezza.
19:01 of 3rd period - Deflect By Jeff Schultz.
19:01 of 3rd period - Shot Misses the Net.
19:01 of 3rd period - Puck is out of play.
19:02 of 3rd period - Mike Babcock call a timeout for Lightning .
19:02 of 3rd period - Jason Spezza wins face-off versus Robert Nilsson in Lightning zone.
19:15 of 3rd period - Lightning , Jaroslav Halak is pulled from the net.
19:17 of 3rd period - Wrist shot by Henrik Zetterberg.
19:17 of 3rd period - Shot Blocked by Drew Doughty.
19:19 of 3rd period - Slapshot by Kris Versteeg.
19:19 of 3rd period - Stopped by Brent Krahn without a rebound.
19:20 of 3rd period - Jason Spezza wins face-off versus Robert Nilsson in Sharks zone.
19:33 of 3rd period - Andrej Sekera is hit by Kris Versteeg and loses puck.
19:38 of 3rd period - Slapshot by Robert Nilsson.
19:38 of 3rd period - Shot Misses the Net.
19:40 of 3rd period - Slapshot by Andy Rogers.
19:40 of 3rd period - Shot Blocked by Andrej Sekera.
19:42 of 3rd period - Slapshot by Kris Versteeg.
19:42 of 3rd period - Stopped by Brent Krahn without a rebound.
19:43 of 3rd period - Robert Nilsson wins face-off versus Maxim Afinogenov in Sharks zone.
19:44 of 3rd period - Snap shot by Kris Versteeg.
19:44 of 3rd period - Stopped by Brent Krahn with a rebound.
Goals for this period are 1 for Sharks vs 0 for Lightning .
Shots for this period are 9 for Sharks vs 11 for Lightning .
Back to the Top